 Dungeon Crawl Stone Soup version bcrawl-1.21.3-2-g9d8a61a446 (webtiles) character file.

Game seed: 16477746739906735659

30 funkygono the Shield-Bearer (level 3, -7/23 HPs)
             Began as a Gargoyle Fighter on Apr 14, 2020.
             Mangled by Sigmund
             ... wielding a +0 scythe
              (8 damage)
             ... on level 2 of the Dungeon.
             The game lasted 00:01:46 (1095 turns).

funkygono the Shield-Bearer (Gargoyle Fighter)      Turns: 1095, Time: 00:01:47

Health: -7/23      AC: 11    Str: 25    XL:     3   Next: 18%
Magic:  3/3        EV:  7    Int:  8    God:
Gold:   17         SH:  9    Dex:  9    Spells: 2/2 levels left

rFire    . . .     SeeInvis .   a - +0 flail
rCold    . . .     Gourm    .   c - +0 medium shield
rNeg     + . .     Faith    .   b - +0 scale mail
rPois    ∞         Spirit   .   l - +0 helmet
rElec    +         Reflect  .   (no cloak)
rCorr    .         Harm     .   (no gloves)
MR       +....                  (no boots)
Stlth    ..........             (no amulet)
HPRegen  0.07/turn              f - ring of protection from magic
MPRegen  0.08/turn              (no ring)

@: mighty
A: negative energy resistance 1, electricity resistance, unbreathing,
petrification resistance, rot immunity, AC +3
a: no special abilities


You were on level 2 of the Dungeon.
You were not hungry.

You visited 1 branch of the dungeon, and saw 2 of its levels.

You collected 17 gold pieces.

Inventory:

Hand Weapons
 a - a +0 flail (weapon)
Missiles
 k - 400 stones (quivered)
Armour
 b - a +0 scale mail (worn)
 c - a +0 medium shield (worn)
 l - a +0 helmet (worn)
Jewellery
 f - a ring of protection from magic (left hand)
Scrolls
 j - a scroll of blinking
Potions
 i - a potion of flight
 m - a potion of berserk rage {unknown}
 n - a potion of lignification {unknown}
 q - a potion of mutation {unknown}
Comestibles
 e - a ration {!d}


   Skills:
 + Level 3.4 Fighting
 + Level 2.5 Maces & Flails
 + Level 3.6 Armour
 + Level 3.8 Shields


You had 2 spell levels left.
You didn't know any spells.
Your spell library was empty.

Dungeon Overview and Level Annotations

Branches:
Dungeon (2/12)

Altars:

Annotations:
D:2 Sigmund


Innate Abilities, Weirdness & Mutations

You are resistant to torment.
Your stone body is resilient. (AC +3)
You are immune to poison.
You resist negative energy. (rN+)
You are resistant to electric shocks. (rElec)
You can survive without breathing.
You are immune to petrification.
You are immune to rotting.


Message History

The rat bites you but does no damage.
You thump something! Something hits you.
* * * LOW HITPOINT WARNING * * *
The rat barely misses you.
You closely miss something. The rat bites you but does no damage.
Something hits you but does no damage.
You closely miss something. You block the rat's attack.
You hear some strange, mumbled words.
A puff of flame appears from out of thin air!
You block the puff of flame. The rat bites you but does no damage.
You feel very mighty all of a sudden. You block something's attack.
The rat bites you but does no damage.
You miss something. The rat bites you but does no damage. Something hits you.
* * * LOW HITPOINT WARNING * * *
You miss something. The rat bites you.
* * * LOW HITPOINT WARNING * * *
Something hits you but does no damage. The rat bites you but does no damage.
You miss something. You block the rat's attack.
You barely miss something. You block the rat's attack. Something hits you!
You die...

###.##########.#
#..............#
#^......########
#.......#
#......÷#
#.......#
#.......#
#...(...###
.........@{.#
.......!.r..#
............#
............#
............#
............#
...........#
...........


You could see a rat.

Vanquished Creatures
  A gnoll (D:1)
  2 bats (D:1)
  2 giant cockroaches (D:1)
  5 hobgoblins (D:1)
  2 frilled lizards (D:1)
  2 goblins (D:1)
  2 kobolds (D:1)
  6 rats
22 creatures vanquished.

Notes
Turn   | Place    | Note
-------+----------+-------------------------------------------
     0 | D:1      | funkygono the Gargoyle Fighter began the quest for the Orb.
     0 | D:1      | Reached XP level 1. HP: 14/14 MP: 1/1
   346 | D:1      | Reached XP level 2. HP: 19/19 MP: 2/2
   734 | D:1      | Reached XP level 3. HP: 6/23 MP: 3/3
  1072 | D:2      | Noticed Sigmund
  1093 | D:2      | HP: 1/23 [rat (1)]
  1095 | D:2      | Mangled by Sigmund

Action                   || total
-------------------------++-------
Melee: Flail             ||    85
  Use: Scroll            ||     4
       Potion            ||     1
  Eat: Chunk             ||     1
Armor: Scale mail        ||    47
Dodge: Dodged            ||    26
Block: Medium shield     ||    38
